 Dungeon Crawl Stone Soup version 0.26-b1-32-g5d43845318 (webtiles) character file.

Game seed: 13969054797038152428

133 raph the Firebug (level 4, 0/24 HPs)
             Began as a Deep Elf Fire Elementalist on Jan 9, 2021.
             Was an Initiate of Ashenzari.
             Killed by divine providence
             ... invoked by an orc priest
              (16 damage)
             ... on level 4 of the Dungeon.
             The game lasted 00:08:21 (2452 turns).

raph the Firebug (Deep Elf Fire Elementalist)       Turns: 2452, Time: 00:08:22

Health: 0/24       AC:  6    Str:  5    XL:     4   Next: 94%
Magic:  16/20      EV: 12    Int: 21    God:    Ashenzari [......]
Gold:   146        SH:  0    Dex: 15    Spells: 2/10 levels left

rFire    . . .     SeeInvis .   d - +0 mace
rCold    + . .     Faith    .   (no shield)
rNeg     . . .     Spirit   .   l - +3 leather armour
rPois    .         Reflect  .   (no helmet)
rElec    .         Harm     .   (no cloak)
rCorr    .         Rampage  .   (no gloves)
Will     .....                  (no boots)
Stlth    ++........             i - amulet of magic regeneration
HPRegen  0.08/turn              j - ring of magical power
MPRegen  0.42/turn              b - ring of protection from cold

@: no status effects
A: no striking features
a: Renounce Religion, Curse Item


You were on level 4 of the Dungeon.
You worshipped Ashenzari.
Ashenzari was noncommittal.
You visited 1 branch of the dungeon, and saw 4 of its levels.

You collected 146 gold pieces.

Inventory:

Hand Weapons
 d - a +0 mace (weapon)
Missiles
 e - 16 poisoned darts
Armour
 a - a +0 robe
 l - a +3 leather armour (worn)
Jewellery
 b - a ring of protection from cold (right hand)
 i - an amulet of magic regeneration (around neck)
 j - a ring of magical power (left hand)
 n - an uncursed amulet of faith
 o - an uncursed amulet of reflection
Scrolls
 m - 2 scrolls of identify
Potions
 c - a potion of cancellation
 f - a potion of invisibility {unknown}
 g - a potion of lignification {unknown}
 h - a potion of mutation {unknown}
 k - a potion of magic {unknown}


   Skills:
 + Level 0.4 Armour
 + Level 3.2 Dodging
 - Level 3.0 Stealth
 - Level 3.5 Spellcasting
 * Level 3.1 Conjurations
 * Level 4.4 Fire Magic


You had 2 spell levels left.
You knew the following spells:

 Your Spells              Type           Power        Failure   Level
a - Foxfire               Conj/Fire      76%          4%          1
b - Conjure Flame         Conj/Fire      19%          14%         3
c - Sticky Flame          Conj/Fire      19%          41%         4

Your spell library contained the following spells:

 Spells                   Type           Power        Failure   Level
 Inner Flame              Hex/Fire       12%          26%         3
 Fireball                 Conj/Fire      9%           77%         5


Dungeon Overview and Level Annotations

Branches:
Dungeon (4/15)
 Temple: D:4-7

Altars:
Ashenzari
Gozag
Xom

Annotations:
D:4 Eustachio


Message History

Confirm with . or Enter, or press ? or * to list all spells.
You conjure some foxfire!
The foxfire hits the orc wizard.
The orc wizard is severely wounded.
Unknown command.
Casting: Foxfire (safe; 4% risk of failure)
Confirm with . or Enter, or press ? or * to list all spells.
You conjure some foxfire!
The foxfire hits the orc wizard.
The orc wizard is severely wounded.
The foxfire hits the orc wizard but does no damage.
The orc wizard is severely wounded.
Unknown command.
Casting: Foxfire (safe; 4% risk of failure)
Confirm with . or Enter, or press ? or * to list all spells.
You conjure some foxfire!
The foxfire hits the orc wizard but does no damage.
The orc wizard is severely wounded.
The orc priest calls down the wrath of Beogh upon you.
Beogh smites you!
Ouch! That really hurt!
You die...

... ...# ....
#..# ....##..##
...oo....#
.......# oo...#
#######o.#
##....##v@# #
#.......vv# .+
#.........# ..#
#.......†.#...#
########...#
... ###.###
.... #....#
.....#....#
.....#....#


You could see 2 orc priests, an orc wizard and 2 orcs.

Vanquished Creatures
  2 worker ants
  4 adders
  4 worms
  8 goblins
  6 hobgoblins
  3 ball pythons
  8 bats
  3 frilled lizards
  4 kobolds
  2 rats (D:2)
44 creatures vanquished.

Vanquished Creatures (others)
  146 foxfires
146 creatures vanquished.

Grand Total: 190 creatures vanquished

Notes
Turn   | Place    | Note
-------+----------+-------------------------------------------
     0 | D:1      | raph the Deep Elf Fire Elementalist began the quest for the
                  | Orb.
     0 | D:1      | Reached XP level 1. HP: 10/10 MP: 6/6
   710 | D:1      | Reached XP level 2. HP: 15/15 MP: 6/8
  1009 | D:2      | Reached XP level 3. HP: 19/19 MP: 3/9
  1345 | D:2      | Learned a level 3 spell: Conjure Flame
  1391 | D:2      | Reached skill level 4 in Fire Magic
  1391 | D:2      | Reached XP level 4. HP: 14/24 MP: 11/11
  1642 | D:2      | Found a shimmering altar of Xom.
  1709 | D:2      | Learned a level 4 spell: Sticky Flame
  1902 | D:3      | Found an opulent altar of Gozag.
  1963 | D:3      | Found a broken altar of Ashenzari.
  1969 | D:3      | Became a worshipper of Ashenzari the Shackled
  2313 | D:4      | Noticed Eustachio
  2452 | D:4      | Killed from afar by an orc priest

Illustrated notes

Levels and vault maps discovered:
D:1:      roderic_dead_forest, layout_basic
D:2:      layout_basic, marbit_many_paths
D:3:      layout_rooms, lemuel_round_altar, overflow_temple_1_default
D:4:      layout_gridville, temple_fountains, xom_teletrap_fun, uniq_eustachio,
          uniq_pikel

Skill      XL: |  1  2  3  4 |
---------------+-------------+-----
Conjurations   | 2 3 |  3.1
Stealth        | 3 |  3.0
Fire Magic     | 4 |  4.4
Dodging        | 3 |  3.2
Armour         | |  0.4
Spellcasting   | |  3.5

Action                   |  1- 3 |  4- 6 || total
-------------------------+-------+-------++-------
Melee: Mace              |     7 |     6 ||    13
       Unarmed           |     1 |       ||     1
 Cast: Foxfire           |    40 |    49 ||    89
  Use: Scroll            |       |     3 ||     3
 Stab: Sleeping          |       |     1 ||     1
Armor: Robe              |     6 |       ||     6
       Leather armour    |     3 |     3 ||     6
Dodge: Dodged            |    25 |     6 ||    31
